 Dungeon Crawl Stone Soup version 0.31-a0-692-gf03d1854d5 (webtiles) character file.

Game seed: 10892464796730297398

598 qw the Shooter (level 7, -2/44 HPs)
             Began as a Gargoyle Hunter on Sept 6, 2023.
             Slain by an orc warrior
             ... wielding a +0 scimitar
              (7 damage)
             ... on level 5 of the Dungeon.
             The game lasted 00:01:34 (3724 turns).

qw the Shooter (Gargoyle Hunter)                    Turns: 3724, Time: 00:01:35

Health: -2/44      AC: 13    Str: 15    XL:     7   Next: 40%
Magic:  7/7        EV: 11    Int:  9    God:
Gold:   222        SH:  0    Dex: 15    Spells: 6/6 levels left

rFire   + . .        Y - +2 shortbow
rCold   . . .        (shield currently unavailable)
rNeg    + . .        i - +0 ring mail
rPois   inf          a - +2 hat
rElec   +            (no cloak)
rCorr   .            d - +0 pair of gloves
SInv    .            (no boots)
Will    .....        g - amulet of the acrobat
Stlth   +            c - ring of protection from fire
HPRegen 0.27/turn    (no ring)
MPRegen 0.10/turn

%: acrobat
@: about to teleport
A: sickness immunity, AC +4, negative energy resistance 1, electricity
resistance, torment resistance 1, petrification resistance
a: no special abilities


You were on level 5 of the Dungeon.
You visited 1 branch of the dungeon, and saw 5 of its levels.
You also visited: Sewer.

You collected 222 gold pieces.


Innate Abilities, Weirdness & Mutations

You are immune to sickness and miasma.
Your stone body is resilient. (AC +4)
You are immune to poison.
You resist negative energy. (rN+)
You are resistant to electric shocks. (rElec)
You are resistant to unholy torment.
You are immune to petrification.


   Skills:
 - Level 4.7 Fighting
 + Level 7.7 Ranged Weapons
 - Level 1.1 Armour
 - Level 1.5 Dodging
 - Level 1.1 Stealth


You had 6 spell levels left.
You didn't know any spells.
Your spell library was empty.

Inventory:

Hand Weapons
 Y - a +2 shortbow (weapon)
Armour
 a - a +2 hat (worn)
 d - a +0 pair of gloves (worn)
 i - a +0 ring mail (worn)
Jewellery
 c - a ring of protection from fire (left hand)
 g - an amulet of the acrobat (around neck)
Scrolls
 b - a scroll of teleportation
 j - a scroll of identify
Potions
 e - a potion of haste
 h - a potion of curing

Dungeon Overview and Level Annotations

Branches:
Dungeon (5/15)              Sewer (visited)
 Temple: D:4-7

Altars:

Shops:
D:1 !=:


Message History

You shoot an arrow.
The arrow hits the orc warrior but does no damage.
The orc warrior is moderately wounded.
The orc misses you. The orc warrior closely misses you.
You shoot an arrow.
The arrow barely misses the orc warrior.
The orc warrior hits you with a +0 scimitar.
The orc hits you with a +0 mace.
You shoot an arrow.
The arrow closely misses the orc warrior.
The orc barely misses you. The orc warrior closely misses you.
You shoot an arrow.
The arrow barely misses the orc warrior.
The orc barely misses you. The orc warrior completely misses you.
You shoot an arrow.
The arrow barely misses the orc warrior.
The orc hits you with a +0 mace.
The orc warrior hits you but does no damage.
You shoot an arrow.
The arrow hits the orc warrior but does no damage.
The orc warrior is moderately wounded.
The orc hits you with a +0 mace.
The orc warrior hits you with a +0 scimitar!
You shoot an arrow.
The arrow closely misses the orc warrior.
The orc closely misses you.
The orc warrior hits you with a +0 scimitar. x2
The orc hits you with a +0 mace.
3722 ||| READING 2 scrolls of teleportation.
As you read the scroll of teleportation, it crumbles to dust.
You feel strangely unstable.
You shoot an arrow. The iguana hisses angrily.
The arrow hits the orc warrior.
The orc warrior is moderately wounded.
The orc hits you with a +0 mace.
You shoot an arrow. The arrow hits the orc warrior.
The orc warrior is heavily wounded.
The orc warrior hits you with a +0 scimitar!
You die...

#### #..## ##...##
##### .#.#..# #...##
.<..#.##########....#
..#.............@o..#
#####..########.#o#.#
# ##....# #.#o# #
####.# #.#.. ###
#........... # ...
...........l. ##>#
###########.... ...#
..... .###


You could see an orc warrior, an iguana and 2 orcs.

Vanquished Creatures
  3 kobold brigands (Sewer)
  2 scorpions (D:4)
  An orc priest (D:3)
  A jelly (D:5)
  6 adders
  2 river rats (Sewer)
  5 worms
  4 dart slugs
  6 orcs
  7 ball pythons
  3 bats
  8 endoplasms
  3 giant cockroaches
  10 goblins
  18 hobgoblins
  11 jackals
  4 quokkas
  2 frilled lizards (D:1)
  10 kobolds
  9 rats
115 creatures vanquished.

Notes
Turn   | Place    | Note
-------+----------+-------------------------------------------
     0 | D:1      | qw the Gargoyle Hunter began the quest for the Orb.
     0 | D:1      | Reached XP level 1. HP: 12/12 MP: 1/1
     0 | D:1      | 0 ||| qw: Version: 0.3-a-76-g4403597
     0 | D:1      | 0 ||| qw: Game counter: 161
     0 | D:1      | 0 ||| qw: Melee chars always use a shield: true
     0 | D:1      | 0 ||| qw: God list: Okawaru
     0 | D:1      | 0 ||| qw: Allow faded altars: false
     0 | D:1      | 0 ||| qw: Do Orc after clearing Dungeon:15 true
     0 | D:1      | 0 ||| qw: Do second Lair branch before Depths: true
     0 | D:1      | 0 ||| qw: Lair rune preference: random
     0 | D:1      | 0 ||| qw: Goals: Normal
     0 | D:1      | 0 ||| PLANNING D:1-11
    35 | D:1      | Found Ehoasypt's Distillery.
   125 | D:1      | Reached XP level 2. HP: 12/17 MP: 2/2
   255 | D:1      | Found Sixi's Jewellery Boutique.
   291 | D:1      | 291 ||| SHOPLISTING amulet of faith (480 gold, have 0).
   291 | D:1      | 291 ||| SHOPLISTING amulet of reflection (360 gold, have
                  | 0).
   291 | D:1      | 291 ||| SHOPLISTING amulet of the acrobat (360 gold, have
                  | 0).
   291 | D:1      | 291 ||| SHOPLISTING ring of Vyruisogi {Fly Dex+2} (344
                  | gold, have 0).
   291 | D:1      | 291 ||| SHOPLISTING ring of fire (300 gold, have 0).
   291 | D:1      | 291 ||| SHOPLISTING ring of ice (300 gold, have 0).
   291 | D:1      | 291 ||| SHOPLISTING ring of positive energy (240 gold, have
                  | 0).
   291 | D:1      | 291 ||| SHOPLISTING ring of willpower (300 gold, have 0).
   335 | D:1      | Found Rededu Saest's Book Emporium.
   416 | D:1      | Reached XP level 3. HP: 21/21 MP: 3/3
   423 | D:1      | Reached skill level 5 in Ranged Weapons
   484 | D:1      | Found Mocho's Distillery.
   490 | D:1      | 490 ||| SHOPLISTING potion of cancellation (88 gold, have
                  | 37).
   490 | D:1      | 490 ||| SHOPLISTING potion of experience (550 gold, have
                  | 37).
   490 | D:1      | 490 ||| SHOPLISTING potion of heal wounds (55 gold, have
                  | 37).
   490 | D:1      | 490 ||| SHOPLISTING potion of mutation (88 gold, have 37).
   913 | D:1      | 913 ||| UPGRADING to amulet of the acrobat.
   918 | D:1      | 918 ||| READING scroll labelled EGIDWIUCZAY.
   919 | D:1      | 919 ||| READING scroll labelled SYBAPT XANAE.
   920 | D:1      | 920 ||| READING scroll labelled RETEXK HUOKHO.
   921 | D:1      | 921 ||| DROPPING scroll of butterflies.
  1001 | D:2      | HP: 5/22 [goblin/+0 dagger (2)]
  1130 | D:2      | Reached skill level 3 in Fighting
  1166 | D:2      | Reached XP level 4. HP: 28/28 MP: 4/4
  1699 | D:2      | 1699 ||| UPGRADING to +0 pair of gloves.
  1704 | D:2      | 1704 ||| READING 2 scrolls labelled XIYTONNIWNO.
  1705 | D:2      | 1705 ||| READING 2 scrolls labelled VIMAKKE UMNO.
  1709 | D:2      | 1709 ||| READING scroll labelled ZAEBRO KOECU.
  1710 | D:2      | 1710 ||| DROPPING scroll of amnesia.
  1742 | D:3      | 1742 ||| PLANNING SEWER
  1782 | D:3      | Reached XP level 5. HP: 32/32 MP: 5/5
  1821 | D:3      | 1821 ||| UPGRADING to +2 hat.
  1826 | D:3      | 1826 ||| DRINKING 2 black potions.
  1935 | D:3      | Reached skill level 6 in Ranged Weapons
  2107 | D:3      | Reached skill level 1 in Armour
  2295 | D:3      | 2295 ||| Stepping ~*~*~tactically~*~*~ (water).
  2297 | D:3      | 2297 ||| Stepping ~*~*~tactically~*~*~ (water).
  2299 | D:3      | 2299 ||| Stepping ~*~*~tactically~*~*~ (water).
  2332 | D:3      | Found a glowing drain.
  2333 | D:3      | 2333 ||| UPGRADING to +0 ring mail.
  2343 | D:3      | 2343 ||| DROPPING +0 leather armour.
  2344 | D:3      | 2344 ||| DROPPING amulet of magic regeneration.
  2348 | Sewer    | Entered a sewer
  2355 | Sewer    | 2355 ||| Stepping ~*~*~tactically~*~*~ (water).
  2413 | Sewer    | 2413 ||| Stepping ~*~*~tactically~*~*~ (water).
  2419 | Sewer    | 2419 ||| Stepping ~*~*~tactically~*~*~ (water).
  2421 | Sewer    | 2421 ||| Stepping ~*~*~tactically~*~*~ (water).
  2591 | Sewer    | Noticed a kobold brigand
  2591 | Sewer    | Noticed a kobold brigand
  2613 | Sewer    | Killed a kobold brigand
  2614 | Sewer    | Reached XP level 6. HP: 32/39 MP: 6/6
  2741 | Sewer    | 2741 ||| Stepping ~*~*~tactically~*~*~ (water).
  2758 | Sewer    | 2758 ||| Stepping ~*~*~tactically~*~*~ (outnumbered).
  2759 | Sewer    | 2759 ||| Stepping ~*~*~tactically~*~*~ (outnumbered).
  2761 | Sewer    | 2761 ||| Stepping ~*~*~tactically~*~*~ (outnumbered).
  2788 | Sewer    | 2788 ||| READING scroll labelled BOPNEA IDIAFIA.
  2789 | Sewer    | 2789 ||| DRINKING 2 green potions.
  2790 | Sewer    | 2790 ||| READING 2 scrolls of identify.
  2790 | Sewer    | 2790 ||| IDENTIFYING silvery potion
  2791 | Sewer    | 2791 ||| DROPPING potion of magic.
  2792 | Sewer    | 2792 ||| DROPPING potion of brilliance.
  2820 | D:3      | 2820 ||| PLANNING D:1-11
  3019 | D:4      | Reached skill level 7 in Ranged Weapons
  3019 | D:4      | Reached XP level 7. HP: 44/44 MP: 7/7
  3617 | D:4      | 3617 ||| UPGRADING to ring of protection from fire.
  3618 | D:4      | 3618 ||| DRINKING 2 blue potions.
  3619 | D:4      | 3619 ||| READING 2 scrolls of identify.
  3619 | D:4      | 3619 ||| IDENTIFYING white potion
  3620 | D:4      | 3620 ||| DROPPING potion of invisibility.
  3636 | D:5      | Entered Level 5 of the Dungeon
  3691 | D:5      | 3691 ||| READING scroll of enchant weapon.
  3691 | D:5      | 3691 ||| ENCHANTING +1 shortbow.
  3721 | D:5      | HP: 11/44 [orc warrior/+0 scimitar (6)]
  3722 | D:5      | 3722 ||| READING 2 scrolls of teleportation.
  3723 | D:5      | HP: 5/44 [orc/+0 mace (2)]
  3724 | D:5      | Slain by an orc warrior

Levels and vault maps discovered:
D:1:      lightli_arrival_statuegarden, layout_basic, serial_shops, shop,
          nicolae_shop_trees, nicolae_shop_hallway_plus, shop, solitary_fountain
D:2:      cheibrodos_greedy_goblins, layout_loops_ring, minmay_misc_feat_doors
D:3:      layout_rooms, gup_sewer_entry_spiral, hangedman_glass_teeth
D:4:      layout_cave_pods, corexii_leaking_fountain
D:5:      layout_rooms, fedhas_altar_decomposition,
          minmay_temple_entry_stoned_glass

Skill      XL: |  1  2  3  4  5  6 |
---------------+-------------------+-----
Ranged Weapons | 5 6 7 |  7.7
Fighting       | 3 4 |  4.7
Armour         | 1 |  1.1
Dodging        | |  1.5
Stealth        | |  1.1

Action                     |  1- 3 |  4- 6 |  7- 9 || total
---------------------------+-------+-------+-------++-------
   Fire: Shortbow          |   105 |   235 |    42 ||   382
    Use: Scroll            |     3 |     5 |     3 ||    11
         Potion            |       |     2 |     1 ||     3
 Armour: Leather armour    |    51 |    29 |       ||    80
         Ring mail         |       |    43 |    12 ||    55
  Dodge: Dodged            |    50 |    59 |    10 ||   119

Table legend:
 A = Non-vault XP
 B = Vault XP
 C = Vault XP percentage of total XP
 D = Non-vault monster count
 E = Vault monster count
 F = Vault count percentage of total count
                 A         B        C        D         E       F
            +---------+---------+-------+---------+---------+-------
      Total |     455 |     400 |  46.8 |      80 |      35 |  30.4
            +---------+---------+-------+---------+---------+-------
        D:1 |      49 |       0 |   0.0 |      26 |       0 |   0.0
        D:2 |      48 |      20 |  29.4 |      18 |      11 |  37.9
        D:3 |     105 |      14 |  11.8 |      21 |       7 |  25.0
        D:4 |     213 |       0 |   0.0 |      14 |       0 |   0.0
        D:5 |      40 |       0 |   0.0 |       1 |       0 |   0.0
      Sewer |       0 |     366 | 100.0 |       0 |      17 | 100.0
            +---------+---------+-------+---------+---------+-------
